 Dungeon Crawl Stone Soup version 0.29.0-5-ge4962eb29e (webtiles) character file.

Game seed: 5073643110777464416

3 ProzacElf the Magician (level 1, 0/14 HPs)
             Began as a Meteoran Hedge Wizard on Aug 29, 2022.
             Killed from afar by a dart slug (2 damage)
             ... with a slug dart
             ... on level 1 of the Dungeon.
             The game lasted 00:00:59 (126 turns).

ProzacElf the Magician (Meteoran Hedge Wizard)       Turns: 126, Time: 00:00:59

Health: 0/14       AC:  2    Str: 11    XL:     1   Next: 71%
Magic:  0/6        EV: 12    Int: 15    God:
Gold:   9          SH:  0    Dex: 13    Spells: 7/8 levels left

rFire   . . .      SeeInvis .   a - +0 dagger
rCold   . . .      Faith    .   (no shield)
rNeg    . . .      Spirit   .   b - +0 robe
rPois   .          Reflect  .   c - +0 hat
rElec   .          Harm     .   (no cloak)
rCorr   .          Rampage  .   (no gloves)
Will    .....                   (no boots)
Stlth   +.........              (no amulet)
HPRegen 0.04/turn               (no ring)
MPRegen 0.10/turn               (no ring)

@: glowing
A: sense surroundings 1, otherworldly, glowing, explore regen
a: no special abilities


You were on level 1 of the Dungeon.
You visited 1 branch of the dungeon, and saw 1 of its levels.

You collected 9 gold pieces.

Inventory:

Hand Weapons
 a - a +0 dagger (weapon)
Armour
 b - a +0 robe (worn)
 c - a +0 hat (worn)
Scrolls
 f - a scroll of vulnerability {unknown}
 g - a scroll of identify {unknown}
Potions
 d - a potion of magic
 e - a potion of might {unknown}


   Skills:
 + Level 2.6 Dodging
 - Level 1.4 Stealth
 - Level 4.0 Spellcasting
 + Level 1.5 Conjurations
 - Level 1.2 Summonings
 - Level 1.2 Translocations


You had 7 spell levels left.
You knew the following spells:

 Your Spells              Type           Power      Damage    Failure   Level
a - Magic Dart            Conj           28%        1d4       10%         1

Your spell library contained the following spells:

 Spells                   Type           Power      Damage    Failure   Level
 Blink                    Tloc           12%        N/A       17%         2
 Call Imp                 Summ           6%         N/A       17%         2
 Slow                     Hex            12%        N/A       19%         1
 Conjure Flame            Conj/Fire      5%         6-21      36%         3
 Mephitic Cloud           Conj/Pois/Air  4%         N/A       41%         3


Dungeon Overview and Level Annotations

Branches:
Dungeon (1/15) Zot: 473

Altars:


Innate Abilities, Weirdness & Mutations

You passively map a small area around you.
You are easily found by Zot.
You glow in the dark.
You regain HP and MP as you explore.


Message History

Castin': Magic Dart (safe; 10% risk o' failure) Confirm wit' . or Enter, or press ? or * ta list all spells.
Aimin': Magic Dart (safe; 10% risk o' failure)
Press: ? - help, Shift-Dir - straight line, f/p - dart slug
Aim: a dart slug (moderately wounded, 100% ta hit) Tha magic dart hits tha dart slug.
Tha dart slug be heavily wounded.
Ye now haf 3/6 mp.
Castin': Magic Dart (safe; 10% risk o' failure) Confirm wit' . or Enter, or press ? or * ta list all spells.
Aimin': Magic Dart (safe; 10% risk o' failure)
Press: ? - help, Shift-Dir - straight line, f/p - dart slug
Aim: a dart slug (heavily wounded, 100% ta hit) Tha magic dart hits tha dart slug but does nay damage.
Tha dart slug be heavily wounded.
Ye now haf 2/6 mp.
Castin': Magic Dart (safe; 10% risk o' failure) Confirm wit' . or Enter, or press ? or * ta list all spells.
Aimin': Magic Dart (safe; 10% risk o' failure)
Press: ? - help, Shift-Dir - straight line, f/p - dart slug
Aim: a dart slug (heavily wounded, 100% ta hit) Tha magic dart hits tha dart slug.
Tha dart slug be severely wounded.
Ye now haf 1/6 mp.
Castin': Magic Dart (safe; 10% risk o' failure) Confirm wit' . or Enter, or press ? or * ta list all spells.
Aimin': Magic Dart (safe; 10% risk o' failure)
Press: ? - help, Shift-Dir - straight line, f/p - dart slug
Aim: a dart slug (severely wounded, 100% ta hit) Tha magic dart hits tha dart slug.
Tha dart slug be almost dead.
Ye now haf 0/6 mp.
Tha dart slug bites ye.
* * * LOW HITPOINT WARNIN'
* * * Ye take 2 damage, an' haf 2/14 hp.
Ye hit tha dart slug.
Tha dart slug be almost dead.
Tha dart slug launches a dart at ye.
Tha slug dart hits ye.
Ye die...

* # , .# ,
, .### *
>... ,
,###..####
,
#.w......
* **#@#,,
, #.# ,*
#.#, * #.#
, , * #.#
* , #.# ,
,, * #.#
,, #.#* *
#.##+####
,


You could see a dart slug.

Vanquished Creatures
  An endoplasm (D:1)
  A quokka (D:1)
  A ball python (D:1)
3 creatures vanquished.

Vanquished Creatures (others)
  A fungus (D:1)
  A plant (D:1)
2 creatures vanquished.

Grand Total: 5 creatures vanquished

Notes
Turn   | Place    | Note
-------+----------+-------------------------------------------
     0 | D:1      | ProzacElf the Meteoran Hedge Wizard began the quest for the
                  | Orb.
     0 | D:1      | Reached XP level 1. HP: 14/14 MP: 6/6
   126 | D:1      | Killed from afar by a dart slug

Illustrated notes

Levels and vault maps discovered:
D:1:      spicycebolla_arrival_clurvy, layout_basic, serial_shops, shop,
          dreamdust_ecumenical_altar_grove, minmay_tetromino_i4

Action                   || total
-------------------------++-------
Melee: Dagger            ||    11
       Punch             ||     1
 Cast: Magic Dart        ||    14
Dodge: Dodged            ||     4
